 Dungeon Crawl Stone Soup version 0.29.0-4-gdea44cf6ec (webtiles) character file.

Game seed: 12827324556105047431

77 qw the Chopper (level 4, -4/26 HPs)
             Began as a Tengu Warper on Aug 28, 2022.
             Slain by a gnoll
             ... wielding a +0 club
              (7 damage)
             ... on level 3 of the Dungeon.
             The game lasted 00:00:14 (2316 turns).

qw the Chopper (Tengu Warper)                       Turns: 2316, Time: 00:00:15

Health: -4/26      AC:  6    Str: 13    XL:     4   Next: 34%
Magic:  8/8        EV:  9    Int: 14    God:
Gold:   92         SH:  0    Dex: 13    Spells: 7/7 levels left

rFire   . . .      SeeInvis .   Y - +0 hand axe
rCold   . . .      Faith    .   (no shield)
rNeg    + . .      Spirit   .   a - +0 scale mail
rPois   .          Reflect  .   (helmet restricted)
rElec   .          Harm     .   (no cloak)
rCorr   .          Rampage  .   (no gloves)
Will    .....                   (boots unavailable)
Stlth   ..........              (no amulet)
HPRegen 0.08/turn               h - ring of positive energy
MPRegen 0.11/turn               (no ring)

@: no status effects
A: beak, talons 3
a: no special abilities


You were on level 3 of the Dungeon.
You visited 1 branch of the dungeon, and saw 3 of its levels.

You collected 92 gold pieces.


Innate Abilities, Weirdness & Mutations

You have a beak for a mouth.
You have claws for feet.


   Skills:
 - Level 2.0 Fighting
 + Level 4.9 Axes
 - Level 1.0 Throwing
 - Level 1.1 Armour
 - Level 2.1 Dodging
 - Level 2.0 Spellcasting
 - Level 2.4 Translocations


You had 7 spell levels left.
You didn't know any spells.
Your spell library contained the following spells:

 Spells                   Type           Power      Damage    Failure   Level
 Blink                    Tloc           16%        N/A       54%         2
 Gell's Gravitas          Tloc           8%         N/A       78%         3
 Lesser Beckoning         Tloc           8%         N/A       78%         3
 Teleport Other           Tloc           8%         N/A       78%         3
 Manifold Assault         Tloc           8%         N/A       100%        5

Inventory:

Hand Weapons
 f - a +0 mace
 Y - a +0 hand axe (weapon)
Missiles
 d - 4 boomerangs (quivered)
Armour
 a - a +0 scale mail (worn)
Jewellery
 h - a ring of positive energy (left hand)
Scrolls
 c - a scroll of identify
Potions
 e - 2 potions of curing
 g - a potion of might
 i - a potion of haste

Dungeon Overview and Level Annotations

Branches:
Dungeon (3/15)

Altars:


Message History

A gnoll comes into view. It is wielding a +0 flail.
Found a quarterstaff.
The gnoll shouts!
You hear a shout!
Throw: 5 boomerangs
Press: ? - help, Q - select action Shift-Dir - straight line, f - gnoll You throw a boomerang.
The boomerang completely misses the gnoll.
A gnoll comes into view. It is wielding a +0 club.
Throw: 4 boomerangs
Press: ? - help, Q - select action Shift-Dir - straight line, f/p - gnoll You throw a boomerang.
The boomerang hits the gnoll.
The gnoll is lightly wounded.
A gnoll comes into view. It is wielding a +0 whip.
2307 ||| Stepping ~*~*~tactically~*~*~ (stealth).
A gnoll comes into view. It is wielding a +0 club.
The gnoll shouts!
A rat comes into view.
You hit the gnoll but do no damage. You peck the gnoll.
The gnoll is moderately wounded.
The gnoll barely misses you.
You hit the gnoll but do no damage. You claw the gnoll, but do no damage.
The gnoll is moderately wounded.
A goblin comes into view. It is wielding a +0 dagger.
The gnoll hits you with a +0 flail!
2312 ||| Stepping ~*~*~tactically~*~*~ (stealth).
You barely miss the gnoll. You peck the gnoll.
The gnoll is heavily wounded.
The gnoll hits you but does no damage.
You hit the gnoll but do no damage. You claw the gnoll.
The gnoll is severely wounded.
You closely miss the gnoll. The gnoll hits you with a +0 club.
The gnoll hits you with a +0 flail. The gnoll hits you with a +0 club!
You closely miss the gnoll. You hit the gnoll. The gnoll barely misses you.
You closely miss the gnoll. Your kick misses the gnoll.
The gnoll is lightly wounded.
You barely miss the gnoll. The gnoll hits you with a +0 club!
You die...

##.# ####..## #### #
######...>..# #.. .#
# .......##.#.# #.#
#.#..
.#####%##.#.####.#
....
.#####.##........#
...
....##.####.###..##.#
.##.##.#
#.##.#g...#.#
.#......
..###.@gg...# ..# ..#
#.## ####.r.## #.#
... .. <..# #.# #.#.
...# ##. ... ..g# .
...# .rg# )..g


You could see 3 gnolls and a rat.

Vanquished Creatures
  An adder (D:2)
  A worm (D:2)
  3 dart slugs (D:1)
  5 ball pythons
  5 bats
  8 endoplasms
  5 giant cockroaches
  4 goblins
  3 hobgoblins
  3 jackals (D:2)
  3 frilled lizards
  6 kobolds
  8 rats
55 creatures vanquished.

Notes
Turn   | Place    | Note
-------+----------+-------------------------------------------
     0 | D:1      | qw the Tengu Warper began the quest for the Orb.
     0 | D:1      | Reached XP level 1. HP: 12/12 MP: 4/4
     0 | D:1      | 0 ||| qw: Version: 0.1-a-89-g26bdef1
     0 | D:1      | 0 ||| qw: Game counter: 1998
     0 | D:1      | 0 ||| qw: Always use a shield: true
     0 | D:1      | 0 ||| qw: God list: Okawaru
     0 | D:1      | 0 ||| qw: Allow faded altars: false
     0 | D:1      | 0 ||| qw: Do Orc after D:15 true
     0 | D:1      | 0 ||| qw: Do second Lair branch before Depths: true
     0 | D:1      | 0 ||| qw: Lair rune preference: random
     0 | D:1      | 0 ||| qw: Plans: Normal
     0 | D:1      | 0 ||| PLANNING D:1-11
   239 | D:1      | Reached skill level 3 in Axes
   239 | D:1      | Reached XP level 2. HP: 16/17 MP: 6/6
   531 | D:1      | 531 ||| Stepping ~*~*~tactically~*~*~ (stealth).
   536 | D:1      | 536 ||| Stepping ~*~*~tactically~*~*~ (stealth).
   538 | D:1      | 538 ||| Stepping ~*~*~tactically~*~*~ (stealth).
   541 | D:1      | 541 ||| Stepping ~*~*~tactically~*~*~ (hiding).
   550 | D:1      | 550 ||| Stepping ~*~*~tactically~*~*~ (stealth).
   572 | D:1      | Reached XP level 3. HP: 20/21 MP: 7/7
   710 | D:1      | Reached skill level 4 in Axes
  1098 | D:1      | 1098 ||| UPGRADING to +0 ring mail.
  1108 | D:1      | 1108 ||| DROPPING +0 leather armour.
  1109 | D:1      | 1109 ||| READING scroll labelled CUHOH OQYLE.
  1114 | D:1      | 1114 ||| READING scroll labelled LUFIKHL IMURI.
  1115 | D:1      | 1115 ||| READING scroll labelled INTYRHUXZI.
  1116 | D:1      | 1116 ||| DROPPING scroll of blinking.
  1423 | D:2      | Reached XP level 4. HP: 26/26 MP: 8/8
  1423 | D:2      | 1423 ||| UPGRADING to +0 scale mail.
  1433 | D:2      | 1433 ||| DROPPING +0 ring mail.
  1434 | D:2      | 1434 ||| DRINKING 2 lumpy yellow potions.
  1435 | D:2      | 1435 ||| DRINKING 2 fuming clear potions.
  1436 | D:2      | 1436 ||| Stepping randomly (stuck).
  1437 | D:2      | 1437 ||| Stepping randomly (stuck).
  1438 | D:2      | 1438 ||| Stepping randomly (stuck).
  1439 | D:2      | 1439 ||| Stepping randomly (stuck).
  1440 | D:2      | 1440 ||| Stepping randomly (stuck).
  1441 | D:2      | 1441 ||| Stepping randomly (stuck).
  1442 | D:2      | 1442 ||| Stepping randomly (stuck).
  1443 | D:2      | 1443 ||| Stepping randomly (stuck).
  1444 | D:2      | 1444 ||| Stepping randomly (stuck).
  1445 | D:2      | 1445 ||| Stepping randomly (stuck).
  1446 | D:2      | 1446 ||| Stepping randomly (stuck).
  1739 | D:2      | 1739 ||| FLEEEEING.
  2191 | D:2      | 2191 ||| DROPPING orb of guile.
  2192 | D:2      | 2192 ||| UPGRADING to ring of positive energy.
  2193 | D:2      | 2193 ||| READING 2 scrolls labelled PEXOMEUDIO.
  2194 | D:2      | 2194 ||| READING 2 scrolls of identify.
  2194 | D:2      | 2194 ||| IDENTIFYING fizzy yellow potion
  2195 | D:2      | 2195 ||| DROPPING scroll of immolation.
  2222 | D:3      | 2222 ||| PLANNING SEWER
  2248 | D:3      | 2248 ||| Stepping ~*~*~tactically~*~*~ (stealth).
  2307 | D:3      | 2307 ||| Stepping ~*~*~tactically~*~*~ (stealth).
  2312 | D:3      | 2312 ||| Stepping ~*~*~tactically~*~*~ (stealth).
  2314 | D:3      | HP: 2/26 [gnoll/+0 club (8)]
  2316 | D:3      | Slain by a gnoll

Levels and vault maps discovered:
D:1:      psy_arrival_statuary, layout_basic, minmay_crystal_water,
          hangedman_decor_points
D:2:      layout_basic, minmay_pentomino_p4
D:3:      layout_loops_cross, lightli_temple_of_fire, portal_sewer_entry_d,
          uniq_sigmund

Skill      XL: |  1  2  3 |
---------------+----------+-----
Axes           | 3 4 |  4.9
Fighting       | |  2.0
Throwing       | |  1.0
Armour         | |  1.1
Dodging        | |  2.1
Spellcasting   | |  2.0
Translocations | |  2.4

Action                   |  1- 3 |  4- 6 || total
-------------------------+-------+-------++-------
Melee: Hand axe          |    71 |    26 ||    97
       Kick              |    18 |     6 ||    24
       Peck              |     6 |     4 ||    10
Throw: Boomerang         |     7 |    14 ||    21
  Use: Scroll            |     3 |     2 ||     5
       Potion            |       |     2 ||     2
 Stab: Distracted        |     1 |       ||     1
Armor: Leather armour    |     9 |       ||     9
       Ring mail         |    13 |       ||    13
       Scale mail        |       |     8 ||     8
Dodge: Dodged            |    42 |    10 ||    52

Table legend:
 A = Non-vault XP
 B = Vault XP
 C = Vault XP percentage of total XP
 D = Non-vault monster count
 E = Vault monster count
 F = Vault count percentage of total count
                 A         B        C        D         E       F
            +---------+---------+-------+---------+---------+-------
      Total |     101 |      10 |   9.0 |      51 |       4 |   7.3
            +---------+---------+-------+---------+---------+-------
        D:1 |      47 |       0 |   0.0 |      23 |       0 |   0.0
        D:2 |      46 |      10 |  17.9 |      22 |       4 |  15.4
        D:3 |       8 |       0 |   0.0 |       6 |       0 |   0.0
            +---------+---------+-------+---------+---------+-------
